 Dungeon Crawl Stone Soup version 0.25-a0-341-g6f074c887a (webtiles) character file.

Game seed: 14154616704170297051, levelgen mode: deterministic

8573 Gargoyl the Cleaver (level 11, -4/94 HPs)
             Began as a Centaur Abyssal Knight on Dec 30, 2019.
             Was a High Priest of Lugonu.
             Slain by a water moccasin (7 damage)
             ... on level 2 of the Lair of Beasts.
             The game lasted 00:16:24 (11856 turns).

Gargoyl the Cleaver (Centaur Abyssal Knight)       Turns: 11856, Time: 00:16:25

Health: -4/94      AC: 21    Str: 16    XL:     11   Next: 11%
Magic:  14/14      EV:  4    Int: 11    God:    Lugonu [*****.]
Gold:   203        SH:  0    Dex: 11    Spells: 10/10 levels left

rFire    + . .     SeeInvis .   H - +9 staff of Olgreb {rPois∞}
rCold    . . .     Gourm    .   (no shield)
rNeg     . . .     Faith    .   C - +0 chain mail
rPois    ∞         Spirit   .   (no helmet)
rElec    .         Reflect  .   (no cloak)
rCorr    .         Harm     .   v - +1 pair of gloves
MR       .....                  d - +4 centaur barding
Stlth    ..........             i - amulet of the acrobat
HPRegen  0.25/turn              A - ring of protection from fire
MPRegen  0.14/turn              (no ring)

@: very quick
A: large, hooves 3, deformed body, speed 2, tough skin 3
a: Depart the Abyss, Bend Space, Banish, Corrupt, Enter the Abyss, Renounce
Religion


You were on level 2 of the Lair of Beasts.
You worshipped Lugonu.
Lugonu was extremely pleased with you.
You were near starving.

You visited 2 branches of the dungeon, and saw 11 of its levels.
You visited the Abyss 1 time.
You also visited: Ossuary.

You collected 737 gold pieces.
You spent 534 gold pieces at shops.

Inventory:

Hand Weapons
 a - a +4 hand axe of venom
 y - a +3 vampiric war axe
 E - a +0 hand axe of flaming
 H - the +9 staff of Olgreb (weapon) {rPois∞}
   (You found it on level 9 of the Dungeon)

   It grants immunity to poison.
Missiles
 g - 8 boomerangs (quivered)
Armour
 d - a +4 centaur barding (worn)
 v - a +1 pair of gloves (worn)
 C - a +0 chain mail (worn)
Jewellery
 i - an amulet of the acrobat (around neck)
 A - a ring of protection from fire (left hand)
 F - an uncursed ring of ice {unknown}
Scrolls
 e - 3 scrolls of immolation
 n - a scroll of identify
 r - 2 scrolls of teleportation
 t - 2 scrolls of fog
 u - a scroll of blinking
 w - 3 scrolls of magic mapping
 x - 3 scrolls of remove curse
 B - a scroll of fear
 G - a scroll of noise {unknown}
 I - a scroll of enchant weapon
Potions
 b - a potion of brilliance
 f - a potion of mutation {unknown}
 h - 6 potions of lignification
 j - 7 potions of heal wounds
 k - a potion of agility {unknown}
 l - 3 potions of flight
 m - 6 potions of curing
 o - 2 potions of berserk rage
 p - a potion of might
 q - 2 potions of invisibility
 s - a potion of resistance {unknown}
 z - 2 potions of magic
 D - 3 potions of cancellation
Comestibles
 c - 20 rations


   Skills:
 * Level 8.1 Fighting
 + Level 9.4 Axes
 + Level 1.8 Throwing
 * Level 7.0 Armour
 * Level 5.1 Dodging
 - Level 4.5 Invocations


You had 10 spell levels left.
You didn't know any spells.
Your spell library contained the following spells:

 Spells                   Type           Power        Failure   Level  Hunger
 Confusing Touch          Hex            #.....       99%         1    ##.....
 Confuse                  Hex            #.......     100%        3    ####...
 Gell's Gravitas          Tloc           #.........   100%        3    ####...
 Petrify                  Tmut/Erth      #.......     100%        4    #####..
 Metabolic Englaciation   Hex/Ice        #.........   100%        5    ######.
 Yara's Violent Unravell  Hex/Tmut       #.........   100%        5    ######.


Dungeon Overview and Level Annotations

Branches:
Dungeon (9/15)             Temple (0/1) D:7            Lair (1/6) D:9
Ossuary (visited)
    Orc: D:9-12

Altars:
Cheibriados
Kikubaaqudgha
Makhleb
Sif Muna
Trog
Xom

Shops:
D:4 ?   D:9 =*[?(

Annotations:
D:9 1 runed translucent door


Innate Abilities, Weirdness & Mutations

You have hooves in place of feet.
Armour fits poorly on your strangely shaped body.
You cover ground very quickly.
You have extremely tough skin. (AC +3)


Message History

The spiny frog barely misses you. The water moccasin bites you.
The spiny frog stings you.
Unknown command.
You hit the spiny frog.
The spiny frog is lightly wounded.
The water moccasin bites you. The spiny frog stings you.
The water moccasin bites you but does no damage.
You hit the spiny frog.
The spiny frog is poisoned.
The spiny frog is moderately wounded.
The spiny frog stings you!
* * * LOW HITPOINT WARNING * * *
The water moccasin bites you but does no damage.
The spiny frog stings you but does no damage.
You thump the spiny frog!
The spiny frog is heavily wounded.
The water moccasin bites you but does no damage.
The spiny frog stings you!
* * * LOW HITPOINT WARNING * * *
The water moccasin bites you!
You die...

# #. #.#
##.P####### ###
#.......@S#
#....
###P..#.#F#...#
#######F..#
#....## #.≈..##
#...≈.# #≈...#.
#.≈≈. . #...≈ .


You could see a spiny frog, a blink frog and a water moccasin.

Vanquished Creatures
  A hydra (D:8)
  Pikel (D:8)
  Prince Ribbit (D:9)
  2 dream sheep (D:8)
  2 hippogriffs
  A wyvern (D:9)
  3 yaks
  A hungry ghost (D:8)
  Menkaure (Ossuary)
  7 soldier ants (D:9)
  3 water moccasins
  A porcupine (D:9)
  4 black bears
  2 ice beasts
  2 phantoms
  A slave (D:8)
  An orc warrior (D:9)
  A hornet zombie (D:8)
  A sky beast (D:5)
  A necrophage (D:9)
  4 ogres
  A crocodile (D:9)
  3 centaurs
  4 big kobolds
  5 bullfrogs
  2 scorpions (D:9)
  8 killer bees (D:9)
  2 crimson imps (D:7)
  A howler monkey (D:9)
  A quasit (D:7)
  3 centaur zombies (Ossuary)
  3 hounds
  A jelly (D:5)
  5 orc priests
  A centaur skeleton (D:6)
  7 orc wizards
  6 worker ants
  A big kobold zombie (Ossuary)
  2 ogre zombies (Ossuary)
  A hound zombie (D:7)
  2 hound skeletons
  6 mummies (Ossuary)
  4 gnolls
  11 adders
  2 oozes (D:3)
  3 adder zombies (Ossuary)
  A worm zombie (D:4)
  4 worms (D:2)
  An adder skeleton (D:8)
  6 dart slugs
  4 leopard geckos
  45 orcs
  5 giant cockroaches
  4 hobgoblins
  10 jackals
  12 kobolds
  3 quokkas
  A ball python (D:1)
  7 bats
  7 frilled lizards
  A giant cockroach zombie (D:5)
  7 goblins
  7 goblin zombies (Ossuary)
  5 hobgoblin zombies (Ossuary)
  A kobold zombie (Ossuary)
  3 quokka zombies (Ossuary)
  15 rats
  5 rat zombies (Ossuary)
  A fungus (D:9)
281 creatures vanquished.

Vanquished Creatures (others)
  A two-headed ogre (D:9)
  An orc warrior (D:9)
  A jackal (D:8)
  38 fungi (D:9)
  10 plants (D:9)
51 creatures vanquished.

Grand Total: 332 creatures vanquished

Notes
Turn   | Place    | Note
-------+----------+-------------------------------------------
     0 | Abyss:1  | Gargoyl the Centaur Abyssal Knight began the quest for the
                  | Orb.
     0 | Abyss:1  | Reached XP level 1. HP: 19/19 MP: 2/2
    74 | Abyss:1  | Noticed an ettin zombie
    74 | Abyss:1  | Noticed a wretched star
    93 | Abyss:2  | Noticed a large abomination
   148 | Abyss:2  | Noticed a ynoxinul
   149 | D:1      | Escaped the Abyss
   211 | D:1      | Reached XP level 2. HP: 11/26 MP: 3/3
   408 | D:1      | Reached * piety under Lugonu
   479 | D:1      | Reached skill level 1 in Dodging
   588 | D:1      | Reached skill level 2 in Axes
   613 | D:1      | Reached XP level 3. HP: 31/31 MP: 4/4
   901 | D:1      | Reached ** piety under Lugonu
  1369 | D:2      | Reached XP level 4. HP: 38/38 MP: 5/5
  1396 | D:2      | Found a faded altar of an unknown god.
  2164 | D:2      | Found a shimmering blue altar of Sif Muna.
  2526 | D:3      | Reached XP level 5. HP: 36/46 MP: 7/7
  2812 | D:4      | Found Restri Odio's Magic Scroll Boutique.
  2820 | D:4      | Bought a scroll of holy word for 105 gold pieces
  2831 | D:4      | Noticed an ogre
  2839 | D:4      | Killed an ogre
  2839 | D:4      | Reached skill level 3 in Axes
  2943 | D:4      | Noticed an ogre
  2954 | D:4      | Killed an ogre
  2954 | D:4      | Reached XP level 6. HP: 6/52 MP: 8/8
  3308 | D:4      | Found a sand-covered staircase.
  3319 | Ossuary  | Entered an ossuary
  3566 | Ossuary  | Reached *** piety under Lugonu
  3759 | Ossuary  | Reached XP level 7. HP: 56/59 MP: 9/9
  3854 | Ossuary  | Noticed Menkaure
  4252 | Ossuary  | Reached skill level 4 in Axes
  4346 | Ossuary  | Killed Menkaure
  4760 | D:4      | Reached **** piety under Lugonu
  5325 | D:5      | Entered Level 5 of the Dungeon
  5416 | D:5      | Reached skill level 5 in Axes
  5416 | D:5      | Reached XP level 8. HP: 59/67 MP: 11/11
  5705 | D:5      | Found a snail-covered altar of Cheibriados.
  6621 | D:7      | Reached skill level 5 in Fighting
  6621 | D:7      | Reached skill level 1 in Throwing
  7146 | D:7      | Reached skill level 6 in Axes
  7484 | D:7      | Found a staircase to the Ecumenical Temple.
  7486 | D:7      | Reached XP level 9. HP: 72/74 MP: 12/12
  7775 | D:8      | Found an ancient bone altar of Kikubaaqudgha.
  7776 | D:8      | Found a shimmering altar of Xom.
  7896 | D:8      | Noticed Pikel
  7929 | D:8      | Killed Pikel
  7929 | D:8      | Reached skill level 5 in Armour
  8011 | D:8      | Reached skill level 7 in Axes
  8035 | D:8      | Found a bloodstained altar of Trog.
  8331 | D:8      | Found a burning altar of Makhleb.
  8331 | D:8      | Noticed a cacodemon
  8699 | D:8      | Noticed a three-headed hydra
  8704 | D:8      | Killed a one-headed hydra
  8704 | D:8      | Reached skill level 8 in Axes
  8704 | D:8      | Reached XP level 10. HP: 79/84 MP: 13/13
  8715 | D:8      | Reached ***** piety under Lugonu
  9443 | D:9      | Noticed a two-headed ogre
  9451 | D:9      | Banished a two-headed ogre
  9678 | D:9      | Found a staircase to the Lair.
  9720 | D:9      | Noticed Prince Ribbit
  9805 | D:9      | Killed Prince Ribbit
 10430 | D:9      | Found Sujownen's Antique Weapon Shoppe.
 10454 | D:9      | Bought a runed war axe for 169 gold pieces
 10471 | D:9      | Reached skill level 9 in Axes
 10613 | D:9      | Found a runed translucent gate.
 10613 | D:9      | Found a runed translucent gate.
 10616 | D:9      | Found a runed translucent gate.
 10623 | D:9      | Found a runed translucent door.
 10632 | D:9      | Found a runed translucent door.
 10634 | D:9      | Found the +9 staff of Olgreb {rPois∞}
 10666 | D:9      | Found Kuvoab's Magic Scroll Shop.
 10679 | D:9      | Bought a scroll of brand weapon for 260 gold pieces
 10697 | D:9      | Found Soxekhli's Armour Shoppe.
 10949 | D:9      | Found Balu's Assorted Antiques.
 11001 | D:9      | Found Tilutibu's Jewellery Emporium.
 11121 | D:9      | Reached skill level 5 in Dodging
 11128 | D:9      | Reached XP level 11. HP: 64/94 MP: 14/14
 11755 | Lair:1   | Entered Level 1 of the Lair of Beasts
 11832 | Lair:1   | You fall into a shaft and drop 1 floor!
 11856 | Lair:2   | HP: 3/94 [spiny frog (16)]
 11856 | Lair:2   | Slain by a water moccasin

Levels and vault maps discovered:
D:1:      dpeg_arrival_ratfight, layout_loops_ring, grunt_decor_cap,
          chequers_serial_rivers_micro_a, minmay_pentomino_u4
D:2:      layout_basic, old_standard_altar,
          chequers_ecumenical_altar_simple_redux, minmay_tiny_reverse_x
D:3:      layout_basic
D:4:      layout_basic, serial_bayou, serial_bayou_shore_b, serial_bayou_pond_a,
          serial_bayou_lagoon_a, serial_bayou_shore_b, enter_ossuary_3,
          serial_shops, shop
D:5:      layout_cave_pools, cheibriados_altar_1, first_ration
D:6:      layout_loops_ring
D:7:      layout_basic, minmay_temple_entry_proselytizer, amethyst_killhole
D:8:      layout_loops_corners, bloody_trog, gammafunk_temple_overflow_pools,
          hangedman_ranch [blue_anna_fruit_fields],
          chequers_serial_rivers_small_b, makhleb_altar_promises_db, uniq_pikel
D:9:      layout_loops_corners, due_lair_maze_entry_diamond, serial_rivers,
          chequers_serial_rivers_micro_e, chequers_serial_rivers_small_b,
          chequers_serial_rivers_room_b, chequers_serial_rivers_marsh,
          serial_shops, shop, shop_scrolls, nicolae_shop_trees, shop,
          kennysheep_mini_moat, special_room [special_room_orc],
          minmay_guarded_unrand_staff_of_olgreb, uniq_prince_ribbit1
Lair:1:   layout_cave_pods
Lair:2:   layout_loops_ring, nicolae_spider_entry_tight_spaces, nzn_random_ring,
          minmay_lair_oklob_chamber

Skill      XL: |  1  2  3  4  5  6  7  8  9 10 11 |
---------------+----------------------------------+-----
Dodging        | 1 2 3 4 5 |  5.1
Axes           | 2 3 5 6 8 9 |  9.4
Armour         | 2 3 4 5 6 7 |  7.0
Invocations    | 3 4 |  4.5
Fighting       | 4 5 6 8 |  8.1
Throwing       | 1 |  1.8

Action                   |  1- 3 |  4- 6 |  7- 9 | 10-12 || total
-------------------------+-------+-------+-------+-------++-------
Melee: Hand axe          |    87 |   198 |   384 |   367 ||  1036
       Kick              |    14 |    43 |    80 |    89 ||   226
       War axe           |       |       |       |    15 ||    15
       Staff             |       |       |       |    14 ||    14
Throw: Boomerang         |       |    13 |     9 |     2 ||    24
Invok: Depart the Abyss  |     1 |       |       |       ||     1
       Banish            |       |       |       |     2 ||     2
  Use: Scroll            |     4 |     5 |    18 |     2 ||    29
       Potion            |       |       |     3 |       ||     3
  Eat: Chunk             |       |     7 |    10 |     6 ||    23
       Ration            |       |       |     1 |     2 ||     3
Armor: Leather armour    |    41 |       |       |       ||    41
       Ring mail         |    34 |   109 |   138 |       ||   281
       Chain mail        |       |       |   110 |   251 ||   361
Dodge: Dodged            |    39 |    44 |   117 |   101 ||   301

Table legend:
 A = Non-vault XP
 B = Vault XP
 C = Vault XP percentage of total XP
 D = Non-vault monster count
 E = Vault monster count
 F = Vault count percentage of total count
                 A         B        C        D         E       F
            +---------+---------+-------+---------+---------+-------
      Total |    4960 |    7288 |  59.5 |     162 |     119 |  42.3
            +---------+---------+-------+---------+---------+-------
        D:1 |      49 |      11 |  18.3 |      23 |       9 |  28.1
        D:2 |     101 |       1 |   1.0 |      23 |       1 |   4.2
        D:3 |      87 |       0 |   0.0 |      16 |       0 |   0.0
        D:4 |     531 |       6 |   1.1 |      17 |       1 |   5.6
        D:5 |     570 |       0 |   0.0 |      12 |       0 |   0.0
        D:6 |     154 |       0 |   0.0 |       3 |       0 |   0.0
        D:7 |     900 |      43 |   4.6 |      26 |       1 |   3.7
        D:8 |    1096 |    2762 |  71.6 |      23 |       9 |  28.1
        D:9 |    1472 |    3795 |  72.1 |      19 |      60 |  75.9
     Lair:2 |       0 |     142 | 100.0 |       0 |       1 | 100.0
    Ossuary |       0 |     528 | 100.0 |       0 |      37 | 100.0
            +---------+---------+-------+---------+---------+-------
